 Dungeon Crawl Stone Soup version 0.20-a0-876-g2c7b0bf (webtiles) character file.

131 Duffy the Chopper (level 5, -7/49 HPs)
             Began as a Naga Fighter on Mar 15, 2017.
             Mangled by Menkaure (16 damage)
             ... on level 5 of the Dungeon.
             The game lasted 00:01:31 (2083 turns).

Duffy the Chopper (Naga Fighter)                    Turns: 2083, Time: 00:01:31

Health: -7/49      AC:  5    Str: 19    XL:     5   Next: 14%
Magic:  5/5        EV:  5    Int:  9    God:
Gold:   111        SH:  9    Dex: 10    Spells: 4/4 levels left

rFire    . . .     SeeInvis +   a - +0 war axe
rCold    . . .     Gourm    .   b - +0 scale mail
rNeg     . . .     Faith    .   c - +0 shield
rPois    +         Spirit   .   (no helmet)
rElec    .         Reflect  .   (no cloak)
rCorr    .         Harm     .   (no gloves)
MR       .....                  (no barding)
Stlth    ..........             (no amulet)
Regen    0.2/turn               (no ring)
MPRegen  0.1/turn               (no ring)

@: very slow
A: see invisible, deformed body, poison resistance, slowness 2, slow metabolism
1, spit poison 1, AC +1
a: Spit Poison


You were on level 5 of the Dungeon.
You were hungry.

You visited 1 branch of the dungeon, and saw 5 of its levels.

You collected 111 gold pieces.

Inventory:

Hand Weapons
 a - a +0 war axe (weapon)
Armour
 b - a +0 scale mail (worn)
 c - a +0 shield (worn)
Jewellery
 k - an uncursed ring of fire
Scrolls
 e - 2 scrolls of enchant armour {unknown}
 j - 2 scrolls of teleportation {unknown}
 l - a scroll of enchant weapon {unknown}
 m - 2 scrolls of noise {unknown}
 n - a scroll of identify {unknown}
Potions
 d - a potion of might
 g - a potion of magic {unknown}
 h - 2 potions of haste {unknown}
Comestibles
 f - 3 bread rations
 i - 2 royal jellies
 p - a meat ration


   Skills:
 - Level 3.0 Fighting
 + Level 3.8 Axes
 - Level 2.4 Armour
 + Level 3.8 Shields


You had 4 spell levels left.
You didn't know any spells.

Dungeon Overview and Level Annotations

Branches:
Dungeon (5/15)
 Temple: D:4-7

Altars:
Dithmenos

Annotations:
D:5 Menkaure


Innate Abilities, Weirdness & Mutations

You cannot wear boots.
Your serpentine skin is tough. (AC +1)
You have supernaturally acute eyesight. (SInv)
Armour fits poorly on your strangely shaped body.
Your system is resistant to poisons. (rPois)
You cover ground very slowly.
You have a slow metabolism.
You can spit poison.


Message History

You start resting.
You are feeling hungry.
You start resting.
HP restored.
You climb downwards.
Level annotation: Menkaure Menkaure says, "Why can't you leave me to my rest?"
There is a stone staircase leading up here.
You swing at nothing.
Menkaure calls on the powers of darkness!
Your body is wracked with pain!
You swing at nothing.
You barely miss Menkaure. You block Menkaure's attack.
You slash Menkaure!
Menkaure is moderately damaged.
Menkaure hits you!! You block Menkaure's attack.
You barely miss Menkaure.
Menkaure is moderately damaged.
Menkaure hits you!
You die...

.. #.# #.#
#.#
##########
#.#
#.........
#.#
#.########
#.###@######
#...M......#
#.###.####...
#.# #.#
..#########.#
#.#
....M.....M.#
#.#
..###########
#.. ###


You could see Menkaure.

Vanquished Creatures
  A scorpion (D:5)
  An adder (D:2)
  A worm (D:3)
  3 dart slugs (D:1)
  3 leopard geckos
  2 orcs (D:3)
  6 goblins
  6 hobgoblins
  12 jackals
  2 ball pythons
  5 bats
  2 frilled lizards (D:1)
  6 kobolds
  7 rats
57 creatures vanquished.

Notes
Turn   | Place    | Note
-------+----------+-------------------------------------------
     0 | D:1      | Duffy the Naga Fighter began the quest for the Orb.
     0 | D:1      | Reached XP level 1. HP: 21/21 MP: 1/1
   151 | D:1      | Reached XP level 2. HP: 13/28 MP: 2/2
   528 | D:1      | Reached XP level 3. HP: 34/34 MP: 3/3
  1343 | D:2      | Reached XP level 4. HP: 33/42 MP: 4/4
  1809 | D:4      | Found a shadowy altar of Dithmenos.
  1846 | D:5      | Entered Level 5 of the Dungeon
  1851 | D:5      | Reached XP level 5. HP: 49/49 MP: 5/5
  1866 | D:5      | Noticed Menkaure
  2083 | D:5      | Mangled by Menkaure

Vault maps used:
D:1:      saegor_arrival_simple_d
D:3:      first_bread, uniq_natasha, uniq_grinder
D:4:      nicolae_dithmenos_shadow_blocks
D:5:      elyvilon_altar_4, uniq_menkaure

Skill      XL: |  1  2  3 |
---------------+----------+-----
Shields        | 3 |  3.8
Axes           | 3 |  3.8
Fighting       | |  3.0
Armour         | |  2.4

Action                   |  1- 3 |  4- 6 || total
-------------------------+-------+-------++-------
Melee: War axe           |   132 |    47 ||   179
 Abil: Spit Poison       |       |     1 ||     1
  Eat: Chunk             |       |     2 ||     2
Armor: Scale mail        |    86 |    20 ||   106
Dodge: Dodged            |    47 |    10 ||    57
Block: Shield            |   102 |    25 ||   127
